 Dungeon Sprint DCSS version 0.30-a0-49-g1cef19eb02 (webtiles) character file.

Game seed: 11773411884473977349

238 mhtbhm the Geomancer (level 6, -1/32 HPs)
             Began as a Gargoyle Earth Elementalist on Sept 2, 2022.
             Was an Initiate of Vehumet.
             Killed from afar by a deep elf pyromancer (33 damage)
             ... with a bolt of fire
             ... in the Dungeon (Sprint III: "The Ten Rune Challenge").
             The game lasted 00:01:51 (960 turns).

mhtbhm the Geomancer (Gargoyle Earth Elementalist)   Turns: 960, Time: 00:01:51

Health: -1/32      AC:  6    Str: 11    XL:     6   Next: 7%
Magic:  11/15      EV: 12    Int: 18    God:    Vehumet [......]
Gold:   24         SH:  0    Dex: 10    Spells: 5/18 levels left

rFire   . . .      SeeInvis .    (no weapon)
rCold   . . .      Faith    .    (no shield)
rNeg    + . .      Spirit   .    a - +0 robe
rPois   ∞          Reflect  .    (no helmet)
rElec   +          Harm     .    (no cloak)
rCorr   .          Rampage  .    (no gloves)
Will    .....      NoTele   +    (no boots)
Stlth   ++........               (no amulet)
HPRegen 0.10/turn                i - ring of flight
MPRegen 0.14/turn                (no ring)

@: flying
A: sickness immunity, AC +4, negative energy resistance 1, electricity
resistance, torment resistance 1, petrification resistance
a: Renounce Religion


You were in the Dungeon.
You worshipped Vehumet.
Vehumet was noncommittal.
You visited 1 branch You collected 24 gold pieces.

Inventory:

Armour
 a - a +0 robe (worn)
Jewellery
 i - a ring of flight (left hand)
Wands
 n - a wand of roots (5)
Scrolls
 d - a scroll of torment {unknown}
 f - 2 scrolls of identify
 h - a scroll of immolation {unknown}
 j - a scroll of poison {unknown}
 k - a scroll of amnesia {unknown}
Potions
 b - 3 potions of magic
 c - a potion of curing
 l - 4 potions of flight
 m - 5 potions of mutation


   Skills:
 + Level 3.2 Dodging
 + Level 3.9 Stealth
 + Level 0.4 Unarmed Combat
 + Level 6.8 Spellcasting
 + Level 1.0 Transmutations
 + Level 10.7 Earth Magic


You had 5 spell levels left.
You knew the following spells:

 Your Spells              Type           Power      Damage    Failure   Level
a - Sandblast             Erth           88%        2d18      1%          1
b - Passwall              Tmut/Erth      22%        N/A       1%          2
c - Stone Arrow           Conj/Erth      50%        3d10      3%          3
d - Petrify               Tmut/Erth      27%        N/A       10%         4
e - Inner Flame           Hex/Fire       6%         N/A       32%         3

Your spell library contained the following spells:

 Spells                   Type           Power      Damage    Failure   Level
 Airstrike                Air            3%         2d(1-17)  73%         4
 Cause Fear               Hex            3%         N/A       73%         4
 Summon Lightning Spire   Summ/Air       6%         N/A       73%         4
 Lightning Bolt           Conj/Air       3%         1d14      97%         5
 Discord                  Hex            3%         N/A       100%        8


Dungeon Overview and Level Annotations

Branches:
Dungeon (1/1)

Altars:
Dithmenos
Elyvilon
Kikubaaqudgha
Ru
Sif Muna
Vehumet
Yredelemnul
Zin
The Shining One


Innate Abilities, Weirdness & Mutations

You are immune to sickness and miasma.
Your stone body is resilient. (AC +4)
You are immune to poison.
You resist negative energy. (rN+)
You are resistant to electric shocks. (rElec)
You are resistant to unholy torment.
You are immune to petrification.


Message History

The stone arrow hits the deep elf pyromancer!!
The deep elf pyromancer is severely wounded.
The deep elf pyromancer mumbles some strange words.
Unknown command.
Okay, then.
You feel yourself speed up.
The deep elf pyromancer casts a spell.
Blink to where?
Press: ? - help, Dir - move target, p - deep elf pyromancer
As you read the scroll of blinking, it crumbles to dust.
You start resting.
Magic restored.
You start resting.
Your extra speed is starting to run out.
You start resting.
You feel yourself slow down.
You start resting.
HP restored.
Things that are here:
a +0 club; a +0 robe Unknown command.
Casting: Stone Arrow (dangerous; 3% risk of failure)
Confirm with . or Enter, or press ? or * to list all spells.
Aiming: Stone Arrow (dangerous; 3% risk of failure)
Press: ? - help, Shift-Dir - straight line, f - deep elf pyromancer
Aim: a deep elf pyromancer, wielding a +1 long sword of holy wrath (wandering, hasn't noticed you, 60% to hit)
The stone arrow hits the deep elf pyromancer!!
The deep elf pyromancer is heavily wounded.
The deep elf pyromancer shouts!
You hear a shout!
Casting: Stone Arrow (dangerous; 3% risk of failure)
Confirm with . or Enter, or press ? or * to list all spells.
Aiming: Sandblast (safe; 1% risk of failure)
Press: ? - help, Shift-Dir - straight line, f/p - deep elf pyromancer
Aim: a deep elf pyromancer, wielding a +1 long sword of holy wrath (heavily wounded, 79% to hit)
The blast of sand hits the deep elf pyromancer!
The deep elf pyromancer is almost dead.
The deep elf pyromancer casts a spell at you.
The bolt of fire hits you!!
Ouch! That really hurt!
You die...

▓▓▓▓▓▓▓▓ ▓▓▓ <..#...####
##.##### ####
...#......#####..#___# #__#
..##.......#..#..#!..# #._#
##.##.##)..#..#..###'#'###)##
##.##.###..##'#..#.e....Ee..#
#.####.##..###...'.⌠....○E..#
.###..##..####..@#...######+#
#.....##..###....#.⌠.#
###..##...##.....#...#
##..##....#......#)###
#..###..##.#.....#)..# #..#
#..#####....#___# ▓▓▓▓ ▓▓▓▓
▓▓▓▓▓▓▓▓▓▓


You could see a deep elf pyromancer.

Vanquished Creatures
  A necrophage (D)
  A water elemental (D)
  Jessica (D)
  A wizard (D)
  A necromancer (D)
  A human (D)
  A kobold demonologist (D)
  A phantom (D)
  3 rats (D)
11 creatures vanquished.

Notes
Turn   | Place    | Note
-------+----------+-------------------------------------------
     0 | D        | mhtbhm the Gargoyle Earth Elementalist began the quest for
                  | the Orb.
     0 | D        | Reached XP level 1. HP: 10/10 MP: 3/3
    11 | D        | Reached skill level 4 in Earth Magic
    67 | D        | Noticed Jessica
    76 | D        | Killed Jessica
    77 | D        | Reached skill level 1 in Transmutations
    77 | D        | Reached skill level 6 in Earth Magic
    77 | D        | Reached XP level 2. HP: 15/15 MP: 0/6
    77 | D        | Reached XP level 3. HP: 19/19 MP: 0/7
   135 | D        | Learned a level 2 spell: Passwall
   139 | D        | Learned a level 3 spell: Stone Arrow
   155 | D        | Reached skill level 7 in Earth Magic
   421 | D        | Noticed a water elemental
   425 | D        | Killed a water elemental
   426 | D        | Reached skill level 5 in Spellcasting
   426 | D        | Reached skill level 8 in Earth Magic
   426 | D        | Reached XP level 4. HP: 12/24 MP: 4/11
   574 | D        | Found a radiant altar of Vehumet.
   574 | D        | Found a shimmering blue altar of Sif Muna.
   574 | D        | Found an ancient bone altar of Kikubaaqudgha.
   574 | D        | Noticed a wizard
   575 | D        | Killed a wizard
   576 | D        | Reached skill level 9 in Earth Magic
   576 | D        | Reached XP level 5. HP: 28/28 MP: 11/13
   586 | D        | Became a worshipper of Vehumet
   594 | D        | Learned a level 4 spell: Petrify
   598 | D        | Learned a level 3 spell: Inner Flame
   610 | D        | Found a basalt altar of Yredelemnul.
   610 | D        | Found a shadowy altar of Dithmenos.
   610 | D        | Found a sacrificial altar of Ru.
   614 | D        | Reached skill level 10 in Earth Magic
   617 | D        | Reached XP level 6. HP: 23/32 MP: 8/15
   709 | D        | Found a glowing silver altar of Zin.
   709 | D        | Found a glowing golden altar of the Shining One.
   709 | D        | Found a white marble altar of Elyvilon.
   709 | D        | Noticed a deep elf pyromancer
   714 | D        | Noticed a fire elemental
   714 | D        | Noticed a fire elemental
   717 | D        | Noticed a fire elemental
   717 | D        | Noticed a fire elemental
   960 | D        | Killed from afar by a deep elf pyromancer

Illustrated notes

Levels and vault maps discovered:
D:        dungeon_sprint_mu [sprint_mu_entry_cave, sprint_mu_temple_rooms,
          sprint_mu_d1_spiders, sprint_mu_d2_genie, sprint_mu_d3_branching,
          sprint_mu_orc_legion, sprint_mu_elf_gauntlet, sprint_mu_hive_nellie,
          sprint_mu_lair_fedhas, sprint_mu_vaults_butterflies,
          sprint_mu_slime_circle, sprint_mu_shoals_archi,
          sprint_mu_snake_twists, sprint_mu_blade_basic,
          sprint_mu_crypt_fortress, sprint_mu_tomb_spiral,
          sprint_mu_vestibule_basic, sprint_mu_gehenna_hellfire,
          sprint_mu_dis_giant, sprint_mu_tartarus_statrot,
          sprint_mu_cocytus_islands, sprint_mu_zot1]

Skill      XL: |  1  2  3  4  5 |
---------------+----------------+-----
Earth Magic    | 6 8 9 10 | 10.7
Dodging        | 2 3 |  3.2
Spellcasting   | 3 5 6 |  6.8
Transmutations | 1 |  1.0
Stealth        | 3 |  3.9
Unarmed Combat | |  0.4

Action                   |  1- 3 |  4- 6 || total
-------------------------+-------+-------++-------
Melee: Unarmed           |     1 |       ||     1
 Cast: Sandblast         |    18 |    11 ||    29
       Stone Arrow       |       |     2 ||     2
  Use: Potion            |     2 |     1 ||     3
       Scroll            |       |     1 ||     1
Armor: Robe              |     2 |     2 ||     4
Dodge: Dodged            |     5 |     2 ||     7

Table legend: (Time is in decaauts)
 A = Elapsed time spent in this place.
 B = Non-inter-level travel time spent in this place.
 C = Inter-level travel time spent in this place.
 D = Time resting spent in this place.
 E = Time spent auto-exploring this place.
 F = Levels seen in this place.
 G = Mean time per level.
                   A        B        C        D        E       F      G
               +--------+--------+--------+--------+--------+-----+--------+
         Total |    964 |    964 |      0 |    625 |    145 |   1 |  964.0 |
       Dungeon |    964 |    964 |      0 |    625 |    145 |   1 |  964.0 |
               +--------+--------+--------+--------+--------+-----+--------+

Top non-repeatable levels by time:
       D: 964 daAuts
